Map: Terraform LE (Void)

Players

wabbajack - Winner!

  • Race: Zerg Zerg
  • League: Gold

Scar

  • Race: Terran Terran
  • League: Bronze

VOD

Have the link to the VOD?

Description

Time

  • Played on: July 19, 2015, 8:43 p.m.
  • Length: 6:12
Show
View Real Time Build Order
Export as new Build Order

wabbajack Zerg - Winner!

Build Orders: Hatch First, Zergling Baneling 

Get SALT Encoding   

  12  0:03  Drone  
  13  0:21  Drone  
  13  0:23  Overlord  
  13  0:27  Extractor  
  13  0:28  Extractor  
  13  0:29  Drone  
  13  0:34  Drone  
  16  0:55  Hatchery  
  15  1:05  Extractor  
  15  1:08  Extractor  
  15  1:09  Drone x3  
  16  1:27  Spawning Pool  
  15  1:38  Drone  
  15  1:39  Drone  
  17  1:49  Drone  
  17  1:53  Drone  
  19  2:04  Overlord  
  19  2:14  Queen  
  21  2:19  Metabolic Boost  
  21  2:28  Pneumatized Carapace  
  21  2:38  Baneling Nest  
  21  2:39  Drone  
  21  2:42  Drone  
  22  2:46  Drone  
  22  2:49  Zergling x2  
  24  2:51  Zergling x2  
  24  2:56  Zergling x2  
  26  3:02  Zergling x2  
  27  3:10  Drone x2  
  29  3:15  Drone x2  
  31  3:29  Baneling  
  31  3:30  Baneling x3  
  31  3:38  Baneling  
  31  3:39  Baneling x3  
  31  3:50  Queen  
  31  3:51  Overlord  
  31  3:52  Drone x2  
  31  3:54  Drone  
  32  4:40  Lair  
  32  4:41  Roach Warren  
  31  4:46  Zergling x8  
  31  4:48  Zergling x8  
  31  4:50  Overlord  
  31  4:51  Drone  
  40  4:53  Hatchery  
  40  4:58  Queen  
  41  5:07  Evolution Chamber  
  40  5:15  Drone x5  
  45  6:01  Evolution Chamber, Hydralisk Den  
  45  6:02  Extractor  
  45  6:03  Extractor  
Show
View Real Time Build Order
Export as new Build Order

Scar Terran 

Build Orders:  

Get SALT Encoding   

  12  0:01  SCV  
  13  0:13  SCV  
  14  0:20  Supply Depot  
  14  0:25  SCV  
  15  0:41  SCV  
  16  0:44  Barracks  
  16  0:54  SCV  
  16  0:55  Supply Depot  
  17  1:06  SCV  
  18  1:18  SCV  
  20  1:34  Command Center  
  20  1:38  Orbital Command  
  18  1:41  Marine  
  19  1:52  Refinery  
  19  1:55  Refinery  
  19  1:59  Marine  
  20  2:05  SCV  
  21  2:17  SCV, Marine  
  23  2:29  SCV  
  24  2:37  Marine  
  24  2:41  SCV  
  24  2:43  Supply Depot  
  26  2:45  Orbital Command  
  26  2:49  Factory  
  26  2:54  SCV  
  26  2:55  Marine  
  28  3:04  Orbital Command  
  28  3:05  Supply Depot  
  28  3:06  SCV  
  29  3:17  Bunker  
  29  3:21  Bunker  
  29  3:22  SCV  
  29  3:24  Bunker  
  30  3:27  Marine  
  30  3:33  SCV  
  32  3:36  Starport  
  32  3:39  Factory Reactor  
  32  3:45  Marine  
  33  4:06  Marine  
  33  4:08  SCV  
  33  4:09  SCV  
  20  4:28  Orbital Command  
  20  4:30  Liberator x2  
  20  4:40  Marine  
  21  4:48  Armory  
  28  4:52  SCV  
  28  4:54  Barracks x2  
  28  4:58  Factory Tech Lab  
  28  5:03  SCV  
  29  5:11  Bunker  
  29  5:14  SCV  
  30  5:15  SCV  
  31  5:26  SCV  
  31  5:27  SCV  
  33  5:31  Barracks Reactor  
  30  5:50  Command Center  
Tags
 
Add a new tag
Caveats
  • Supply blocks, unpowered buildings, or Contaminate may cause inaccurate times.
  • Supply counts are checked every 10 seconds.